 Dungeon Crawl Stone Soup version 0.31-a0-507-gbafd7f5274 (webtiles) character file.

Game seed: 3583213764608445721

174 spiderkeys the Gusty (level 5, -6/35 HPs)
             Began as a Demonspawn Air Elementalist on Aug 9, 2023.
             Mangled by a gnoll
             ... wielding a +0 flail
              (8 damage)
             ... on level 3 of the Dungeon.
             The game lasted 00:06:30 (4026 turns).

spiderkeys the Gusty (Demonspawn Air Elementalist)  Turns: 4026, Time: 00:06:30

Health: -6/35      AC:  3    Str:  8    XL:     5   Next: 28%
Magic:  14/19      EV: 12    Int: 18    God:
Gold:   176        SH:  4    Dex: 14    Spells: 7/10 levels left

rFire   . . .        e - +0 spear
rCold   . . .        (no shield)
rNeg    . . .        a - +0 robe
rPois   .            l - +0 helmet
rElec   .            (no cloak)
rCorr   +            (no gloves)
SInv    .            (no boots)
Will    .....        (no amulet)
Stlth   ++           R - ring of resist corrosion
HPRegen 0.25/turn    W - ring of magical power
MPRegen 0.16/turn

%: no passive effects
@: very slightly contaminated
A: foul stench 1, condensation shield
a: no special abilities


You were on level 3 of the Dungeon.
You visited 1 branch of the dungeon, and saw 4 of its levels.

You collected 176 gold pieces.


Innate Abilities, Weirdness & Mutations

You may rarely emit foul miasma when damaged in melee.
A meltable shield of frost defends you. (SH +4)


   Skills:
 - Level 1.7 Dodging
 - Level 1.7 Stealth
 + Level 3.4 Spellcasting
 - Level 2.5 Conjurations
 * Level 4.0 Air Magic


You had 7 spell levels left.
You knew the following spells:

 Your Spells              Type           Power      Damage    Failure   Level
d - Static Discharge      Conj/Air       30%        2-4/arc   6%          2
s - Shock                 Conj/Air       60%        1d6       4%          1

Your spell library contained the following spells:

 Spells                   Type           Power      Damage    Failure   Level
 Swiftness                Air            17%        N/A       9%          3
 Sublimation of Blood     Necr           3%         N/A       24%         2
 Airstrike                Air            8%         2d(2-18)  28%         4
 Petrify                  Tmut/Erth      3%         N/A       83%         4
 Irradiate                Conj/Tmut      3%         3d12      95%         5
 Chain Lightning          Conj/Air       7%         3d10      100%        9
 Fire Storm               Conj/Fire      3%         8d1       100%        9
 Shatter                  Erth           1%         3d6*      100%        9

Inventory:

Hand Weapons
 e - a +0 spear (weapon)
   (You found it on level 1 of the Dungeon)
Missiles
 f - 21 stones
 k - 3 poisoned darts
Armour
 a - a +0 robe (worn)
 l - a +0 helmet (worn)
   (You found it on level 1 of the Dungeon)
Jewellery
 R - a ring of resist corrosion (left hand)
   (You found it on level 2 of the Dungeon)
 W - a ring of magical power (right hand)
   (You found it on level 3 of the Dungeon)
Scrolls
 h - a scroll of revelation
 j - a scroll of fog
 n - a scroll of enchant weapon {unknown}
 o - a scroll of poison {unknown}
 r - 2 scrolls of vulnerability {unknown}
 t - a scroll of fear {unknown}
 u - a scroll of identify {@r1}
 w - a scroll of teleportation {unknown}
Potions
 b - a potion of magic
 c - a potion of lignification {unknown}
 d - a potion of brilliance
 g - a potion of mutation {!q}
 i - a potion of cancellation {unknown}
 m - a potion of might {unknown}
 p - a potion of heal wounds {unknown}
 q - 2 potions of curing {unknown}
 s - a potion of degeneration {unknown}
 v - a potion of invisibility {unknown}

Dungeon Overview and Level Annotations

Branches:
Dungeon (4/15) Zot: 19968
 Temple: D:4-7

Altars:
Cheibriados
Dithmenos

Shops:
D:1 ([::

...##..###### #...###
##.### .#####....###
#..## #.##. ##
####...#####..# #....
###.>#.....# #....
##...##..# #....
#.......# #....
#.......# #....
#...gg..##########....
#....@................
#.......##############
#.......# #########


You could see 2 gnolls.


Message History

The zap hits the bat.
You kill the bat! 😎 MP[-1]
You lost 1 mp, and now have 18/19 mp.
You can't see any susceptible monsters within range! (Use Z to cast anyway.)
You can't see any susceptible monsters within range! (Use Z to cast anyway.)
You can't see any susceptible monsters within range! (Use Z to cast anyway.)
Found a stone staircase leading down. 😎 MP[+1]
Your mp is fully restored (19).
You see here a giant cockroach corpse.
A kobold comes into view. It is wielding a +0 dagger.
The kobold shouts!
The kobold moves out of view.
The kobold throws a stone.
The stone closely misses you.
A kobold is nearby!
The zap hits the kobold.
You kill the kobold! 😎 MP[-1]
You lost 1 mp, and now have 18/19 mp.
You can't see any susceptible monsters within range! (Use Z to cast anyway.)
You can't see any susceptible monsters within range! (Use Z to cast anyway.)
f - 21 stones (gained 2)
You see here a +0 dagger.
w - a scroll labelled ILIBBA GIELIPS 😎 MP[+1]
Your mp is fully restored (19).
Key pressed, stopping explore.
A rat comes into view.
A rat is nearby!
The zap hits the rat.
You kill the rat! 😎 MP[-1]
You lost 1 mp, and now have 18/19 mp.
You can't see any susceptible monsters within range! (Use Z to cast anyway.)
You can't see any susceptible monsters within range! (Use Z to cast anyway.) Key pressed, stopping explore.
You now have 163 gold pieces (gained 11).
You now have 176 gold pieces (gained 13).
Key pressed, stopping explore.
Key pressed, stopping explore.
Done exploring. 😎 MP[+1]
Your mp is fully restored (19).
Done exploring.
Done exploring.
There is a stone staircase leading down here.
You climb downwards.
The gnoll shouts! x3
There is a stone staircase leading up here.
Okay, then.
Casting: Shock (safe; 4% risk of failure)
Confirm with . or Enter, or press ? or * to list all spells.
Aiming: Shock (safe; 4% risk of failure)
Press: ? - help, Shift-Dir - straight line, f - gnoll, p - gnoll
Aim: a gnoll, wielding a +0 spear (75% to hit)
You miscast Shock.
You are very lightly contaminated with residual magic.
Nothing appears to happen. 😎 MP[-1]
You lost 1 mp, and now have 18/19 mp.
Casting: Shock (safe; 4% risk of failure)
Confirm with . or Enter, or press ? or * to list all spells.
Aiming: Shock (safe; 4% risk of failure)
Press: ? - help, Shift-Dir - straight line, f/p - gnoll
Aim: a gnoll, wielding a +0 spear (75% to hit)
You miscast Shock.
Nothing appears to happen.
The gnoll hits you with a +0 whip. 😕 HP[-6] MP[-1]
You take 6 damage, and now have 29/35 hp.
You lost 1 mp, and now have 17/19 mp.
Casting: Shock (safe; 4% risk of failure)
Confirm with . or Enter, or press ? or * to list all spells.
The gnoll is struck by an arc of lightning. x4
The lightning grounds out.
An endoplasm comes into view.
The gnoll hits you with a +0 flail! The gnoll hits you with a +0 whip.
* * * LOW HITPOINT WARNING * * *
The gnoll hits you from afar with a +0 spear.
* * * LOW HITPOINT WARNING * * *
😨 HP[-19] MP[-2]
You take 19 damage, and now have 10/35 hp.
MASSIVE DAMAGE!! (PAUSE)
You lost 2 mp, and now have 15/19 mp.
The gnoll hits you but does no damage. The gnoll hits you with a +0 whip.
* * * LOW HITPOINT WARNING * * *
You emit a cloud of foul miasma!
The gnoll closely misses you.
You climb upwards.
There is a stone staircase leading down here. 😱 HP[-6]
You take 6 damage, and now have 4/35 hp.
Casting: Static Discharge (safe; 6% risk of failure)
Confirm with . or Enter, or press ? or * to list all spells.
The gnoll is struck by an arc of lightning.
You are struck by an arc of lightning.
* * * LOW HITPOINT WARNING * * *
The gnoll is struck by an arc of lightning.
The lightning grounds out.
The gnoll barely misses you. The gnoll hits you with a +0 flail!
You die...

Skill      XL: |  1  2  3  4  5 |
---------------+----------------+-----
Air Magic      | 3 4 |  4.0
Conjurations   | 2 |  2.5
Spellcasting   | 3 |  3.4
Dodging        | |  1.7
Stealth        | |  1.7

Action                     |  1- 3 |  4- 6 || total
---------------------------+-------+-------++-------
  Melee: Spear             |    51 |    15 ||    66
         Unarmed           |     4 |       ||     4
   Cast: Shock             |    51 |    60 ||   111
         Static Discharge  |     9 |     5 ||    14
    Use: Scroll            |     4 |       ||     4
   Stab: Sleeping          |     3 |     1 ||     4
 Armour: Robe              |    16 |     4 ||    20
  Dodge: Dodged            |    53 |    19 ||    72
  Block: Other             |       |     1 ||     1

Levels and vault maps discovered:
D:1:      matt_arrival_spirals, layout_basic, serial_shops, shop, shop,
          nicolae_shop_bloodbath_and_beyond, nicolae_book_shop_shelving,
          minmay_vboxes
D:2:      minmay_recursive_quarters, layout_basic, uniq_natasha
D:3:      layout_rooms, mainiacjoe_overflow_two_lobes,
          nicolae_ecumenical_lake_church
D:4:      layout_loops_ring, general_overflow_altar, serial_park_tiny_1,
          minmay_door_square, kennysheep_generic_room_5

Notes
Turn   | Place    | Note
-------+----------+-------------------------------------------
     0 | D:1      | spiderkeys the Demonspawn Air Elementalist began the quest
                  | for the Orb.
     0 | D:1      | Reached XP level 1. HP: 13/13 MP: 3/3
     0 | D:1      | magus.rc [v1.11.6]
   135 | D:1      | HP: 3/13 [frozen (2)]
   148 | D:1      | Found Aseej's Weapon Emporium.
   346 | D:1      | HP: 3/13 [constriction (1)]
   407 | D:1      | Found Seapsesh's Book Emporium.
   407 | D:1      | Found Joara's Antique Armour Shop.
   421 | D:1      | HP: 2/13 [kobold/+0 dagger (3)]
   617 | D:1      | Gained mutation: You may rarely emit foul miasma when
                  | damaged in melee. [demonic ancestry]
   617 | D:1      | Reached XP level 2. HP: 19/19 MP: 3/5
   802 | D:1      | Found Vijeptafet's Book Boutique.
   941 | D:1      | Reached skill level 3 in Air Magic
  1298 | D:1      | Reached XP level 3. HP: 24/24 MP: 1/6
  1681 | D:1      | Learned a level 2 spell: Static Discharge
  1701 | D:2      | Reached skill level 2 in Conjurations
  2114 | D:2      | Noticed Natasha
  2123 | D:2      | Killed Natasha
  2124 | D:2      | Reached XP level 4. HP: 16/30 MP: 1/8
  2216 | D:2      | Noticed Natasha
  2221 | D:2      | Killed Natasha
  2222 | D:2      | Reached skill level 3 in Spellcasting
  2727 | D:2      | Noticed Natasha
  2733 | D:2      | Killed Natasha
  2913 | D:2      | Gained mutation: A meltable shield of frost defends you.
                  | (SH +4) [demonic ancestry]
  2913 | D:2      | Reached XP level 5. HP: 23/35 MP: 1/9
  3158 | D:3      | Found a faded altar of an unknown god.
  3216 | D:3      | You add the spells Chain Lightning, Fire Storm and Shatter
                  | to your library.
  3520 | D:3      | Reached skill level 4 in Air Magic
  3630 | D:3      | You add the spells Sublimation of Blood, Petrify and
                  | Irradiate to your library.
  3692 | D:3      | Found a snail-covered altar of Cheibriados.
  3723 | D:3      | Found a shadowy altar of Dithmenos.
  4024 | D:4      | HP: 4/35 [gnoll/+0 whip (6)]
  4026 | D:3      | HP: 1/35 [/static electricity (3)]
  4026 | D:3      | Mangled by a gnoll

Vanquished Creatures
  Natasha (thrice) (D:2)
  3 adders
  3 worms
  An orc (D:3)
  7 endoplasms
  6 giant cockroaches
  7 goblins
  5 hobgoblins
  7 ball pythons
  5 bats
  2 frilled lizards
  11 kobolds
  6 rats
66 creatures vanquished.

Table legend:
 A = Non-vault XP
 B = Vault XP
 C = Vault XP percentage of total XP
 D = Non-vault monster count
 E = Vault monster count
 F = Vault count percentage of total count
                 A         B        C        D         E       F
            +---------+---------+-------+---------+---------+-------
      Total |     199 |      50 |  20.1 |      55 |      11 |  16.7
            +---------+---------+-------+---------+---------+-------
        D:1 |      40 |       8 |  16.7 |      25 |       5 |  16.7
        D:2 |     118 |      42 |  26.2 |      14 |       6 |  30.0
        D:3 |      41 |       0 |   0.0 |      16 |       0 |   0.0
            +---------+---------+-------+---------+---------+-------

Skill      XL: |  1  2  3  4  5 |
---------------+----------------+-----
Air Magic      | 3 4 |  4.0
Conjurations   | 2 |  2.5
Spellcasting   | 3 |  3.4
Dodging        | |  1.7
Stealth        | |  1.7

Action                     |  1- 3 |  4- 6 || total
---------------------------+-------+-------++-------
  Melee: Spear             |    51 |    15 ||    66
         Unarmed           |     4 |       ||     4
   Cast: Shock             |    51 |    60 ||   111
         Static Discharge  |     9 |     5 ||    14
    Use: Scroll            |     4 |       ||     4
   Stab: Sleeping          |     3 |     1 ||     4
 Armour: Robe              |    16 |     4 ||    20
  Dodge: Dodged            |    53 |    19 ||    72
  Block: Other             |       |     1 ||     1

Illustrated notes

Table legend:
 A = Kills in this place as a percentage of kills in the entire game.
 B = Kills by you in this place as a percentage of kills by you in the entire game.
 C = Kills by friends in this place as a percentage of kills by friends in the entire game.
 D = Other kills in this place as a percentage of other kills in the entire game.
 E = Experience gained in this place as a percentage of experience gained in the entire game.
 F = Experience gained in this place divided by the number of levels of this place that you have seen.
                   A       B       C       D       E      F
               +-------+-------+-------+-------+-------+----------------------
         Total | 100.0 | 100.0 |   N/A |   N/A | 100.0 |  62.2
       Dungeon | 100.0 | 100.0 |   N/A |   N/A | 100.0 |  62.2
               +-------+-------+-------+-------+-------+----------------------

Table legend: (Time is in decaauts)
 A = Elapsed time spent in this place.
 B = Non-inter-level travel time spent in this place.
 C = Inter-level travel time spent in this place.
 D = Time resting spent in this place.
 E = Time spent auto-exploring this place.
 F = Levels seen in this place.
 G = Mean time per level.
                   A        B        C        D        E       F      G
               +--------+--------+--------+--------+--------+-----+--------+
         Total |   4030 |   3892 |    138 |     80 |   3351 |   4 | 1007.5 |
       Dungeon |   4030 |   3892 |    138 |     80 |   3351 |   4 | 1007.5 |
               +--------+--------+--------+--------+--------+-----+--------+

Top non-repeatable levels by time:
     D:1: 1685 daAuts
     D:2: 1456 daAuts
     D:3: 884 daAuts
     D:4: 4 daAuts
